Map: Acid Plant LE

Players

eonblu

  • Race: Zerg Zerg
  • Spawn Location: 11:00

Rhizer - Winner!

  • Race: Protoss Protoss
  • Spawn Location: 5:00

Event: WCS Montreal 2018

VOD

Have the link to the VOD?

Description

Time

  • Played on: Sept. 7, 2018, 1:50 p.m.
  • Length: 8:27

All games in this series

Show
View Real Time Build Order
Export as new Build Order

eonblu Zerg 

Build Orders: Hatch First 

Get SALT Encoding   

  12  0:00  Drone  
  13  0:12  Overlord  
  13  0:17  Drone  
  14  0:31  Drone x2  
  16  0:48  Hatchery  
  15  0:54  Drone  
  15  0:56  Drone  
  17  1:08  Extractor  
  16  1:12  Spawning Pool  
  16  1:14  Drone  
  17  1:18  Drone  
  17  1:22  Drone  
  18  1:31  Drone  
  19  1:39  Overlord  
  19  1:55  Drone  
  19  1:58  Queen  
  19  2:00  Queen  
  19  2:01  Zergling x2  
  25  2:02  Zergling x2  
  26  2:09  Metabolic Boost  
  26  2:13  Drone  
  27  2:16  Drone  
  27  2:21  Drone  
  29  2:24  Drone  
  30  2:39  Hatchery  
  29  2:46  Queen  
  29  2:48  Drone  
  32  2:53  Overlord  
  32  2:57  Drone  
  33  3:00  Drone x2  
  33  3:03  Drone  
  36  3:10  Overlord  
  36  3:12  Drone  
  37  3:14  Drone x2  
  37  3:19  Drone x2  
  41  3:27  Overlord  
  41  3:30  Drone  
  41  3:32  Drone  
  43  3:37  Spore Crawler  
  43  3:39  Drone x3  
  45  3:42  Overlord  
  45  3:45  Queen  
  47  3:49  Evolution Chamber  
  47  3:51  Zergling x6  
  47  3:52  Zergling x2  
  47  3:53  Drone  
  52  3:55  Drone  
  51  4:15  Zerg Melee Weapons Level 1  
  51  4:16  Roach Warren  
  50  4:18  Queen x2  
  50  4:20  Drone x2  
  50  4:21  Drone  
  50  4:23  Queen  
  59  4:26  Overlord  
  59  4:37  Drone x2  
  61  4:39  Extractor  
  61  4:44  Drone x5  
  61  4:45  Drone x2  
  67  4:48  Extractor  
  67  4:50  Drone x4  
  70  4:58  Spore Crawler  
  69  5:00  Spore Crawler x2  
  69  5:02  Lair  
  67  5:07  Zergling x8  
  67  5:11  Overlord  
  67  5:12  Drone  
  72  5:17  Drone x2  
  74  5:24  Drone  
  72  5:34  Drone x3, Zergling x2  
  72  5:35  Zergling x10  
  80  5:41  Drone x2  
  82  5:46  Overlord x2  
  82  5:56  Zergling x8  
  82  5:57  Zergling x2  
  81  6:04  Baneling Nest  
  81  6:05  Hydralisk Den  
  81  6:11  Zergling x20  
  87  6:22  Drone x5  
  88  6:26  Hatchery  
  88  6:27  Extractor  
  88  6:28  Extractor  
  88  6:30  Drone  
  88  6:31  Drone  
  87  6:38  Drone x4  
  89  6:44  Drone x3  
  88  6:48  Drone x3  
  88  6:49  Centrifical Hooks  
  88  6:50  Grooved Spines  
  88  7:00  Overlord x2  
  88  7:05  Zergling x10  
  93  7:15  Hydralisk x3  
  93  7:24  Zergling x2  
  93  7:25  Zergling x12  
  98  7:33  Lurker Den  
  97  7:37  Hydralisk x5  
  97  7:38  Hydralisk x2  
  111  7:48  Zergling x6  
  111  7:49  Baneling  
  111  7:50  Baneling x11  
  114  7:52  Zergling x12  
  114  7:56  Overlord x3  
  114  7:57  Baneling  
  114  7:58  Baneling  
Show
View Real Time Build Order
Export as new Build Order

Rhizer Protoss - Winner!

Build Orders: 1 Gate Expand, Colossus Rush 

Get SALT Encoding   

  12  0:00  Probe  
  13  0:13  Probe  
  14  0:20  Pylon  
  14  0:25  Probe  
  15  0:34  Probe  
  15  0:39  Gateway  
  15  0:42  Probe  
  16  0:48  Assimilator  
  17  0:52  Probe  
  18  1:05  Probe  
  19  1:17  Probe  
  20  1:24  Nexus  
  20  1:34  Cybernetics Core  
  20  1:37  Probe  
  21  1:43  Assimilator  
  21  1:49  Probe  
  21  1:52  Pylon  
  22  2:01  Adept, Probe  
  23  2:09  Probe  
  26  2:17  Probe  
  26  2:21  Robotics Facility  
  27  2:29  Stalker  
  29  2:33  Warp Gate  
  29  2:36  Probe  
  30  2:38  Probe  
  31  2:46  Probe  
  31  2:48  Probe  
  33  2:54  Probe  
  33  3:00  Probe  
  35  3:06  Probe  
  35  3:07  Gateway  
  36  3:12  Probe  
  36  3:14  Observer  
  36  3:18  Probe  
  39  3:22  Robotics Bay  
  39  3:28  Probe  
  39  3:30  Warp Prism  
  39  3:33  Adept  
  39  3:34  Probe  
  41  3:40  Probe  
  44  3:44  Pylon  
  44  3:50  Probe  
  44  3:52  Probe  
  46  3:56  Assimilator  
  46  3:58  Assimilator  
  46  3:59  Pylon  
  46  4:00  Gravitic Drive, Pylon  
  48  4:07  Probe x2  
  50  4:16  Disruptor  
  50  4:19  Probe x2  
  53  4:25  Shield Battery  
  53  4:31  Probe  
  53  4:33  Gateway x2  
  53  4:34  Forge  
  53  4:36  Probe  
  55  4:46  Adept, Disruptor  
  55  4:49  Adept  
  62  4:58  Probe x2  
  64  5:09  Nexus  
  64  5:10  Protoss Ground Weapons Level 1  
  64  5:15  Pylon  
  64  5:21  Sentry, Probe x2  
  66  5:24  Extended Thermal Lance  
  66  5:26  Colossus  
  68  5:33  Probe  
  75  5:36  Probe  
  76  5:43  Shield Battery  
  76  5:46  Adept  
  78  5:55  Probe  
  77  6:00  Pylon  
  77  6:05  Pylon  
  77  6:07  Pylon  
  77  6:10  Gateway  
  77  6:11  Gateway  
  77  6:12  Adept  
  77  6:13  Colossus  
  77  6:23  Probe x2  
  84  6:33  Adept x2, Gateway x2  
  84  6:37  Zealot  
  87  6:45  Adept  
  79  6:54  Pylon x2  
  79  6:56  Sentry x2  
  79  6:59  Sentry  
  79  7:00  Observer  
  83  7:22  Stalker  
  83  7:23  Stalker x4  
  83  7:24  Stalker  
  83  7:26  Observer  
  95  7:36  Probe x3  
  98  7:39  Twilight Council  
  98  7:43  Adept  
  100  7:50  Stalker x3  
  100  7:51  Stalker x2  
  106  7:59  Pylon  
  100  8:16  Adept x4  
  100  8:17  Adept x3  
Tags
 
Add a new tag
Caveats
  • Supply blocks, unpowered buildings, or Contaminate may cause inaccurate times.
  • Supply counts are checked every 10 seconds.